[ AOE2 MATCH · #505138456 ]
UnrankedTatars vs Celts
Player's team · LOSS
Rival team · WIN
[ REPLAY ANALYSIS · EXTRACTED FROM THE RECORDED GAME ]
Feudal
11:52
Castle
—
Imperial
—
| APM avg | 70.2 |
| APM peak | 126 |
| eAPM avg | 46.5 |
| Villagers / military | 50 / 40 |
Focus
⚔️ 47.3% · 🌾 52.7%
Archer ×19 · Spearman ×14 · Scout Cavalry ×7
Feudal
13:01
Castle
16:33
Imperial
—
| APM avg | 51.8 |
| APM peak | 93 |
| eAPM avg | 24.8 |
| Villagers / military | 63 / 20 |
Focus
⚔️ 24.9% · 🌾 75.1%
Scorpion ×9 · Militia ×6 · Knight ×3 · Battering Ram ×2
Match map
Initial resources + every placement click. Lines = walls · curves = elevation contours. ◆ gold · ⬟ stone · ● berries · ✦ relic · ◌ wall gap
Your base· Open — 6t gap
eduv's base· Open — opponent sealed themselves in
Smoothed initial terrain · ◌ = detected wall gap · hover for details
Inputs per minute
— Parzivall - - eduv
Build order — Parzivall
First 150 of 172 actions detected
| 0:01 | Queue | Villager (Male) |
| 0:02 | Build | House |
| 0:03 | Build | House |
| 0:08 | Queue | Villager (Male) |
| 0:10 | Queue | Villager (Male) |
| 0:10 | Queue | Villager (Male) |
| 0:11 | Queue | Villager (Male) |
| 1:29 | Queue | Villager (Male) |
| 1:30 | Queue | Villager (Male) |
| 1:53 | Queue | Villager (Male) |
| 1:54 | Queue | Villager (Male) |
| 2:03 | Build | Lumber Camp |
| 2:03 | Queue | Villager (Male) |
| 2:50 | Queue | Villager (Male) |
| 2:50 | Queue | Villager (Male) |
| 2:57 | Queue | Villager (Male) |
| 3:31 | Queue | Villager (Male) |
| 3:31 | Queue | Villager (Male) |
| 3:56 | Build | House |
| 3:57 | Build | House |
| 4:02 | Queue | Villager (Male) |
| 4:02 | Queue | Villager (Male) |
| 4:02 | Queue | Villager (Male) |
| 4:28 | Queue | Villager (Male) |
| 4:28 | Queue | Villager (Male) |
| 4:28 | Queue | Villager (Male) |
| 5:05 | Build | Mill |
| 5:17 | Queue | Villager (Male) |
| 5:17 | Queue | Villager (Male) |
| 5:30 | Queue | Villager (Male) |
| 5:30 | Queue | Villager (Male) |
| 5:31 | Queue | Villager (Male) |
| 5:31 | Queue | Villager (Male) |
| 6:08 | Queue | Villager (Male) |
| 6:15 | Build | Palisade Wall |
| 6:26 | Research | Loom |
| 6:26 | Research | Loom |
| 6:27 | Research | Loom |
| 6:48 | Queue | Villager (Male) |
| 7:10 | Build | Palisade Wall |
| 7:20 | Queue | Villager (Male) |
| 7:29 | Build | Mill |
| 7:35 | Queue | Villager (Male) |
| 7:49 | Build | Palisade Wall |
| 7:51 | Build | Palisade Wall |
| 7:52 | Build | Palisade Wall |
| 7:56 | Build | Palisade Wall |
| 7:58 | Build | Palisade Wall |
| 8:01 | Build | Palisade Wall |
| 8:07 | Queue | Villager (Male) |
| 8:14 | Build | Palisade Wall |
| 8:21 | Build | Palisade Wall |
| 8:22 | Build | Palisade Wall |
| 8:39 | Queue | Villager (Male) |
| 8:45 | Build | Palisade Wall |
| 8:46 | Build | Palisade Wall |
| 9:01 | Queue | Villager (Male) |
| 9:26 | Build | Palisade Wall |
| 9:30 | Queue | Villager (Male) |
| 9:38 | Build | House |
| 9:42 | Research | Feudal Age |
| 9:42 | Research | Feudal Age |
| 9:42 | Research | Feudal Age |
| 9:55 | Build | Mining Camp |
| 10:22 | Build | Farm |
| 10:28 | Build | Barracks |
| 10:38 | Build | Farm |
| 11:20 | Build | Palisade Wall |
| 11:22 | Build | House |
| 11:28 | Build | Palisade Wall |
| 11:30 | Build | Palisade Wall |
| 11:46 | Queue | Villager (Male) |
| 11:52 | Age | Feudal Age |
| 11:55 | Build | Archery Range |
| 12:08 | Research | Double-Bit Axe |
| 12:08 | Research | Double-Bit Axe |
| 12:08 | Research | Double-Bit Axe |
| 12:08 | Research | Double-Bit Axe |
| 12:12 | Queue | Villager (Male) |
| 12:24 | Build | Palisade Wall |
| 12:25 | Build | Palisade Wall |
| 12:26 | Build | Palisade Wall |
| 12:26 | Build | Palisade Wall |
| 12:41 | Queue | Villager (Male) |
| 12:46 | Build | Archery Range |
| 12:54 | Queue | Archer |
| 12:56 | Queue | Villager (Male) |
| 13:06 | Build | House |
| 13:20 | Queue | Villager (Male) |
| 13:33 | Queue | Archer |
| 13:34 | Queue | Archer |
| 13:37 | Queue | Villager (Male) |
| 14:02 | Build | Blacksmith |
| 14:12 | Queue | Archer |
| 14:13 | Queue | Archer |
| 14:18 | Queue | Villager (Male) |
| 14:36 | Queue | Archer |
| 14:37 | Queue | Villager (Male) |
| 14:49 | Research | Fletching |
| 14:49 | Research | Fletching |
| 14:50 | Research | Fletching |
| 14:52 | Build | House |
| 14:53 | Queue | Villager (Male) |
| 14:55 | Build | Farm |
| 14:58 | Queue | Archer |
| 14:58 | Queue | Archer |
| 15:05 | Queue | Archer |
| 15:05 | Queue | Archer |
| 15:11 | Build | Farm |
| 15:16 | Build | House |
| 15:18 | Build | House |
| 15:21 | Build | House |
| 15:27 | Queue | Archer |
| 15:43 | Build | House |
| 15:48 | Build | Farm |
| 15:52 | Build | Farm |
| 15:54 | Queue | Villager (Male) |
| 16:03 | Queue | Archer |
| 16:03 | Queue | Archer |
| 16:04 | Queue | Villager (Male) |
| 16:16 | Queue | Archer |
| 16:30 | Build | Farm |
| 16:30 | Queue | Villager (Male) |
| 16:32 | Build | Farm |
| 17:05 | Build | Farm |
| 17:06 | Build | Farm |
| 17:09 | Queue | Villager (Male) |
| 17:22 | Queue | Spearman |
| 17:26 | Build | Farm |
| 17:27 | Build | Farm |
| 17:31 | Queue | Villager (Male) |
| 17:47 | Build | Palisade Wall |
| 18:19 | Queue | Villager (Male) |
| 18:25 | Build | Stable |
| 18:26 | Queue | Spearman |
| 18:31 | Queue | Archer |
| 18:32 | Queue | Archer |
| 18:34 | Build | House |
| 18:52 | Queue | Spearman |
| 18:53 | Research | Scale Mail Armor |
| 18:53 | Research | Scale Mail Armor |
| 18:54 | Research | Scale Mail Armor |
| 18:56 | Queue | Spearman |
| 18:58 | Build | Barracks |
| 19:14 | Build | Lumber Camp |
| 19:18 | Queue | Scout Cavalry |
| 19:19 | Queue | Scout Cavalry |
| 19:36 | Build | Mining Camp |
| 19:38 | Queue | Scout Cavalry |
| 19:40 | Queue | Spearman |
Build order — eduv
131 actions detected in the replay
| 0:01 | Queue | Villager (Male) |
| 0:02 | Queue | Villager (Male) |
| 0:03 | Build | House |
| 0:04 | Build | House |
| 0:10 | Queue | Villager (Male) |
| 0:10 | Queue | Villager (Male) |
| 1:43 | Queue | Villager (Male) |
| 1:43 | Queue | Villager (Male) |
| 1:54 | Queue | Villager (Male) |
| 1:54 | Queue | Villager (Male) |
| 2:32 | Queue | Villager (Male) |
| 2:32 | Queue | Villager (Male) |
| 3:17 | Queue | Villager (Male) |
| 3:17 | Queue | Villager (Male) |
| 3:35 | Build | Barracks |
| 3:37 | Build | Palisade Wall |
| 3:38 | Build | Palisade Wall |
| 3:39 | Build | Palisade Wall |
| 3:48 | Queue | Villager (Male) |
| 3:49 | Queue | Villager (Male) |
| 3:54 | Queue | Villager (Male) |
| 3:54 | Queue | Villager (Male) |
| 4:05 | Build | House |
| 4:29 | Queue | Villager (Male) |
| 4:29 | Queue | Villager (Male) |
| 4:41 | Queue | Militia |
| 4:41 | Queue | Militia |
| 4:41 | Queue | Militia |
| 4:49 | Build | House |
| 4:59 | Queue | Villager (Male) |
| 5:00 | Queue | Villager (Male) |
| 5:39 | Queue | Villager (Male) |
| 5:39 | Queue | Villager (Male) |
| 5:39 | Queue | Villager (Male) |
| 5:40 | Queue | Villager (Male) |
| 5:40 | Queue | Villager (Male) |
| 5:45 | Queue | Militia |
| 5:46 | Queue | Militia |
| 5:49 | Queue | Villager (Male) |
| 5:49 | Queue | Villager (Male) |
| 5:50 | Queue | Villager (Male) |
| 6:00 | Queue | Villager (Male) |
| 6:00 | Queue | Villager (Male) |
| 6:00 | Queue | Villager (Male) |
| 6:29 | Build | Lumber Camp |
| 7:26 | Queue | Villager (Male) |
| 7:33 | Queue | Militia |
| 7:42 | Queue | Villager (Male) |
| 7:57 | Queue | Villager (Male) |
| 7:57 | Queue | Villager (Male) |
| 7:58 | Queue | Villager (Male) |
| 7:58 | Queue | Villager (Male) |
| 8:02 | Build | House |
| 8:11 | Queue | Villager (Male) |
| 8:11 | Queue | Villager (Male) |
| 8:17 | Build | Mining Camp |
| 8:35 | Queue | Villager (Male) |
| 8:35 | Queue | Villager (Male) |
| 8:35 | Queue | Villager (Male) |
| 9:16 | Queue | Villager (Male) |
| 9:17 | Queue | Villager (Male) |
| 9:20 | Build | Mill |
| 9:33 | Build | Mill |
| 9:44 | Queue | Villager (Male) |
| 9:45 | Queue | Villager (Male) |
| 9:49 | Build | House |
| 9:50 | Queue | Villager (Male) |
| 9:50 | Queue | Villager (Male) |
| 9:52 | Queue | Villager (Male) |
| 9:52 | Queue | Villager (Male) |
| 9:52 | Queue | Villager (Male) |
| 10:24 | Queue | Villager (Male) |
| 10:44 | Research | Feudal Age |
| 10:45 | Research | Feudal Age |
| 13:01 | Age | Feudal Age |
| 13:03 | Queue | Villager (Male) |
| 13:03 | Queue | Villager (Male) |
| 13:09 | Build | Market |
| 13:11 | Build | Blacksmith |
| 13:46 | Research | Castle Age |
| 13:47 | Research | Castle Age |
| 13:56 | Build | Farm |
| 13:58 | Build | Farm |
| 14:05 | Build | Farm |
| 14:07 | Build | Farm |
| 14:17 | Research | Double-Bit Axe |
| 14:17 | Research | Double-Bit Axe |
| 14:47 | Build | Palisade Wall |
| 14:51 | Build | Palisade Wall |
| 14:56 | Build | Palisade Wall |
| 15:04 | Build | Palisade Wall |
| 15:44 | Build | Stable |
| 15:51 | Queue | Villager (Male) |
| 16:21 | Build | House |
| 16:24 | Research | Loom |
| 16:33 | Age | Castle Age |
| 16:34 | Queue | Knight |
| 16:34 | Queue | Knight |
| 16:41 | Build | Siege Workshop |
| 16:51 | Build | Siege Workshop |
| 17:00 | Queue | Knight |
| 17:12 | Build | Lumber Camp |
| 17:24 | Queue | Scorpion |
| 17:28 | Queue | Villager (Male) |
| 17:29 | Queue | Villager (Male) |
| 17:32 | Queue | Battering Ram |
| 17:35 | Build | House |
| 17:47 | Research | Gold Mining |
| 17:48 | Research | Gold Mining |
| 17:54 | Queue | Battering Ram |
| 18:06 | Queue | Scorpion |
| 18:06 | Queue | Scorpion |
| 18:25 | Queue | Scorpion |
| 18:25 | Queue | Scorpion |
| 18:27 | Queue | Villager (Male) |
| 18:28 | Queue | Villager (Male) |
| 18:28 | Queue | Villager (Male) |
| 18:28 | Queue | Villager (Male) |
| 18:52 | Queue | Scorpion |
| 18:53 | Queue | Scorpion |
| 19:14 | Queue | Villager (Male) |
| 19:22 | Build | House |
| 19:27 | Queue | Scorpion |
| 19:27 | Queue | Scorpion |
| 20:23 | Queue | Villager (Male) |
| 20:30 | Research | Bow Saw |
| 20:31 | Research | Bow Saw |
| 20:31 | Research | Horse Collar |
| 20:32 | Research | Horse Collar |
| 20:39 | Build | House |
| 20:56 | Build | House |
Match timeline
| 3:35 | eduv · first_building Barracks |
| 3:37 | eduv · wall_segment Palisade Wall x1 |
| 3:38 | eduv · wall_segment Palisade Wall x1 |
| 3:39 | eduv · wall_segment Palisade Wall x1 |
| 6:15 | Parzivall · wall_segment Palisade Wall x7 |
| 7:10 | Parzivall · wall_segment Palisade Wall x1 |
| 7:49 | Parzivall · wall_segment Palisade Wall x1 |
| 7:51 | Parzivall · wall_segment Palisade Wall x1 |
| 7:52 | Parzivall · wall_segment Palisade Wall x1 |
| 7:56 | Parzivall · wall_segment Palisade Wall x1 |
| 7:58 | Parzivall · wall_segment Palisade Wall x1 |
| 8:01 | Parzivall · wall_segment Palisade Wall x1 |
| 8:14 | Parzivall · wall_segment Palisade Wall x12 |
| 8:21 | Parzivall · wall_segment Palisade Wall x1 |
| 8:22 | Parzivall · wall_segment Palisade Wall x1 |
| 8:45 | Parzivall · wall_segment Palisade Wall x1 |
| 8:46 | Parzivall · wall_segment Palisade Wall x1 |
| 9:26 | Parzivall · wall_segment Palisade Wall x1 |
| 10:28 | Parzivall · first_building Barracks |
| 11:20 | Parzivall · wall_segment Palisade Wall x1 |
| 11:28 | Parzivall · wall_segment Palisade Wall x1 |
| 11:30 | Parzivall · wall_segment Palisade Wall x1 |
| 11:52 | Parzivall · age_up feudal |
| 11:55 | Parzivall · first_building Archery Range |
| 12:24 | Parzivall · wall_segment Palisade Wall x1 |
| 12:25 | Parzivall · wall_segment Palisade Wall x1 |
| 12:26 | Parzivall · wall_segment Palisade Wall x1 |
| 12:26 | Parzivall · wall_segment Palisade Wall x1 |
| 13:01 | eduv · age_up feudal |
| 13:50 | eduv · first_market_sell 100 stone |
| 14:47 | eduv · wall_segment Palisade Wall x1 |
| 14:51 | eduv · wall_segment Palisade Wall x5 |
| 14:56 | eduv · wall_segment Palisade Wall x7 |
| 15:04 | eduv · wall_segment Palisade Wall x1 |
| 15:44 | eduv · first_building Stable |
| 16:33 | eduv · age_up castle |
| 16:41 | eduv · first_building Siege Workshop |
| 17:47 | Parzivall · wall_segment Palisade Wall x1 |
| 18:25 | Parzivall · first_building Stable |
| 20:29 | eduv · first_market_buy 100 food |
| 21:37 | Parzivall · resign |
[ AI ANALYSIS · 1 CREDIT ]
What really happened in this match?
Wolo.gg analyzes every decision: build order, eco, micro, common mistakes by bracket. Personalized analysis on WhatsApp or Discord in 30 seconds.
Civ guide
Tatars
Perfil
Jugador #6283928